 Dungeon Crawl Stone Soup version 0.30-a0-358-g0d69a1922f (webtiles) character file.

Game seed: 11209514559239084693

31 Maxmaps the Shield-Bearer (level 3, 29/29 HPs)
             Began as a Formicid Fighter on Nov 9, 2022.
             Quit the game on level 1 of the Dungeon.
             The game lasted 00:00:33 (540 turns).

Maxmaps the Shield-Bearer (Formicid Fighter)         Turns: 540, Time: 00:00:33

Health: 29/29      AC:  6    Str: 22    XL:     3   Next: 40%
Magic:  3/3        EV:  9    Int:  7    God:
Gold:   66         SH:  5    Dex: 13    Spells: 2/2 levels left

rFire   . . .      SeeInvis +    a - +0 war axe
rCold   . . .      Faith    .    c - +0 buckler
rNeg    . . .      Spirit   .    b - +0 scale mail
rPois   .          Reflect  .    (helmet unavailable)
rElec   .          Harm     .    (no cloak)
rCorr   .          Rampage  .    (no gloves)
Will    .....                    (no boots)
Stlth   ..........               (no amulet)
HPRegen 0.24/turn                (no ring)
MPRegen 0.08/turn                (no ring)

@: no status effects
A: permanent stasis, dig shafts and tunnels, antennae 3, four strong arms
a: Dig, Shaft Self


You were on level 1 of the Dungeon.
You visited 1 branch of the dungeon, and saw 1 of its levels.

You collected 66 gold pieces.

Inventory:

Hand Weapons
 a - a +0 war axe (weapon)
Armour
 b - a +0 scale mail (worn)
 c - a +0 buckler (worn)
Potions
 d - 2 potions of might


   Skills:
 - Level 3.2 Fighting
 - Level 2.0(2.7) Axes
 + Level 2.8(3.1) Maces & Flails
 - Level 3.2 Armour
 - Level 4.0 Shields


You had 2 spell levels left.
You didn't know any spells.
Your spell library contained the following spells:

 Spells                   Type           Power      Damage    Failure   Level
 Foxfire                  Conj/Fire      0%         2x1d4     83%         1
 Fireball                 Conj/Fire      0%         3d3       100%        5
 Starburst                Conj/Fire      0%         6d3       100%        6


Dungeon Overview and Level Annotations

Branches:
Dungeon (1/15)

Altars:


Innate Abilities, Weirdness & Mutations

You cannot be hasted, slowed, berserked, paralysed or teleported.
You can dig through walls and to a lower floor.
You have a pair of large antennae on your head. (SInv)
Your four strong arms can wield two-handed weapons with a shield.


Message History

No target in view!
No target in view!
As you open the door, it creaks loudly!
There is an open door here.
Key pressed, stopping explore.
No target in view!
No target in view!
You open the door.
There is an open door here.
You open the door.
There is an open door here.
You now have 66 gold pieces (gained 5).
There is an escape hatch in the floor here.
You see here 6 atropa-tipped darts.
You enter the shallow water.
Moving in this stuff is going to be slow.
You see here a quokka corpse.
Key pressed, stopping explore.
No target in view!
No target in view!
As you open the door, it creaks loudly!
No target in view!
There is an open door here.
There is an open door here.
Found a stone staircase leading down.
A hobgoblin comes into view.
The hobgoblin shouts!
You barely miss the hobgoblin. The hobgoblin barely misses you.
A hobgoblin is nearby!
You hit the hobgoblin.
The hobgoblin is heavily wounded.
The hobgoblin barely misses you.
You closely miss the hobgoblin.
The hobgoblin is heavily wounded.
The hobgoblin hits you but does no damage.
You block the hobgoblin's attack.
You hit the hobgoblin.
You kill the hobgoblin!
No target in view!
Are you sure you want to abandon this character and quit the game? (Confirm with "yes".)

## # ##.# # #..# ##
############>.#
.####...........@.#
.......###(.#####†#
............# .#
###.........# ##
..##'....8..####
#.#.##.........#
..#..###.......#
####...#.......# #
...###.##......#.#


There were no monsters in sight!

Vanquished Creatures
  A dart slug (D:1)
  An endoplasm (D:1)
  2 giant cockroaches (D:1)
  2 goblins (D:1)
  4 hobgoblins (D:1)
  2 jackals (D:1)
  2 quokkas (D:1)
  6 ball pythons (D:1)
  3 bats (D:1)
  2 frilled lizards (D:1)
  2 rats (D:1)
27 creatures vanquished.

Vanquished Creatures (others)
  5 plants (D:1)
5 creatures vanquished.

Grand Total: 32 creatures vanquished

Notes
Turn   | Place    | Note
-------+----------+-------------------------------------------
     0 | D:1      | Maxmaps the Formicid Fighter began the quest for the Orb.
     0 | D:1      | Reached XP level 1. HP: 18/18 MP: 1/1
    58 | D:1      | Reached skill level 1 in Maces & Flails
    75 | D:1      | Reached XP level 2. HP: 24/24 MP: 2/2
   245 | D:1      | Reached XP level 3. HP: 27/29 MP: 3/3
   540 | D:1      | Quit the game

Illustrated notes

Levels and vault maps discovered:
D:1:      nicolae_arrival_somewhat_less_tricky_arrival, layout_rooms,
          serial_bayou_pond_c

Skill      XL: |  1  2 |
---------------+-------+-----
Maces & Flails | 1 2 |  2.8
Fighting       | |  3.2
Axes           | |  2.0
Armour         | |  3.2
Shields        | |  4.0

Action                   || total
-------------------------++-------
Melee: War axe           ||    56
Armor: Scale mail        ||    26
Dodge: Dodged            ||    41
Block: Buckler           ||    16

Table legend: (Time is in decaauts)
 A = Elapsed time spent in this place.
 B = Non-inter-level travel time spent in this place.
 C = Inter-level travel time spent in this place.
 D = Time resting spent in this place.
 E = Time spent auto-exploring this place.
 F = Levels seen in this place.
 G = Mean time per level.
                   A        B        C        D        E       F      G
               +--------+--------+--------+--------+--------+-----+--------+
         Total |    565 |    565 |      0 |      0 |    432 |   1 |  565.0 |
       Dungeon |    565 |    565 |      0 |      0 |    432 |   1 |  565.0 |
               +--------+--------+--------+--------+--------+-----+--------+

Top non-repeatable levels by time:
     D:1: 565 daAuts
